 Dungeon Crawl Stone Soup version 0.29.1-15-g9cfb28693d (webtiles) character file.

Game seed: 11553324569045494949

167 DocClef the Shield-Bearer (level 5, 0/70 HPs)
             Began as a Gnoll Fighter on Mar 1, 2023.
             Succumbed to a scorpion's poison
             ... on level 4 of the Dungeon.
             The game lasted 00:02:15 (2947 turns).

DocClef the Shield-Bearer (Gnoll Fighter)           Turns: 2947, Time: 00:02:15

Health: 0/70       AC:  9    Str: 16 (17) XL:     5   Next: 48%
Magic:  7/7        EV:  9    Int:  6 (7)  God:
Gold:   93         SH:  5    Dex: 11 (12) Spells: 7/7 levels left

rFire   . . .      SeeInvis .   a - +0 war axe
rCold   . . .      Faith    .   c - +0 buckler
rNeg    . . .      Spirit   .   b - +0 scale mail
rPois   .          Reflect  .   l - +0 helmet
rElec   .          Harm     .   (no cloak)
rCorr   .          Rampage  .   (no gloves)
Will    .....                   (no boots)
Stlth   ..........              (no amulet)
HPRegen 0.21/turn               (no ring)
MPRegen 0.10/turn               (no ring)

@: berserking (expiring), lethally poisoned (0 -> -4), very quick
A: fangs 1, strong nose, distributed training
a: no special abilities


You were on level 4 of the Dungeon.
You visited 1 branch of the dungeon, and saw 4 of its levels.

You collected 93 gold pieces.

Inventory:

Hand Weapons
 a - a +0 war axe (weapon)
Armour
 b - a +0 scale mail (worn)
 c - a +0 buckler (worn)
 l - a +0 helmet (worn)
Wands
 p - a wand of flame (17)
Scrolls
 e - a scroll of poison {unknown}
 f - 2 scrolls of vulnerability {unknown}
 h - a scroll of enchant armour {unknown}
 i - 6 scrolls of identify {unknown}
 n - a scroll of teleportation {unknown}
 o - a scroll of magic mapping {unknown}
Potions
 d - 2 potions of might
 g - 5 potions of degeneration
 k - 4 potions of curing


   Skills:
 + Level 6.7 Fighting
 + Level 1.6 Short Blades
 + Level 1.6 Long Blades
 + Level 4.8 Axes
 + Level 1.6 Maces & Flails
 + Level 1.6 Polearms
 + Level 1.6 Staves
 + Level 1.6 Ranged Weapons
 + Level 1.6 Throwing
 + Level 6.7 Armour
 + Level 1.6 Dodging
 + Level 1.6 Stealth
 + Level 6.7 Shields
 + Level 1.6 Unarmed Combat
 + Level 1.6 Spellcasting
 + Level 1.2 Conjurations
 + Level 1.2 Hexes
 + Level 1.2 Summonings
 + Level 1.2 Necromancy
 + Level 1.2 Translocations
 + Level 1.2 Transmutations
 + Level 1.2 Fire Magic
 + Level 1.2 Ice Magic
 + Level 1.2 Air Magic
 + Level 1.2 Earth Magic
 + Level 1.2 Poison Magic
 + Level 1.8 Invocations
 + Level 1.6 Evocations


You had 7 spell levels left.
You didn't know any spells.
Your spell library contained the following spells:

 Spells                   Type           Power      Damage    Failure   Level
 Conjure Flame            Conj/Fire      2%         6-21      97%         3
 Ignite Poison            Fire/Tmut/Pois 2%         N/A       97%         3
 Sticky Flame             Conj/Fire      2%         2d3       100%        4


Dungeon Overview and Level Annotations

Branches:
Dungeon (4/15)
 Temple: D:4-7

Altars:


Innate Abilities, Weirdness & Mutations

You have very sharp teeth.
Your uncanny sense of smell can sniff out nearby items.
Your experience applies equally to all skills.


Message History

You feel very sick. The scorpion stings you.
* * * LOW HITPOINT WARNING * * *
The scorpion stings you but does no damage.
It was a potion of degeneration.
There was something very wrong with that liquid.
You feel weakened.
You feel dopey.
You feel clumsy.
* * * LOW HITPOINT WARNING * * *
You feel very sick. The scorpion barely misses you.
It was a potion of cancellation.
You feel magically purged.
* * * LOW HITPOINT WARNING * * *
You feel sick.
The scorpion stings you but does no damage.
It was a potion of curing.
You feel better.
The scorpion stings you but does no damage.
The scorpion stings you.
* * * LOW HITPOINT WARNING * * *
You are lethally poisoned!
The scorpion poisons you!
It was a potion of berserk rage.
A red film seems to cover your vision as you go berserk!
You feel yourself moving faster!
You feel mighty!
* * * LOW HITPOINT WARNING * * *
You feel very sick. The scorpion stings you.
* * * LOW HITPOINT WARNING * * *
You hit the scorpion.
The scorpion is almost dead.
* * * LOW HITPOINT WARNING * * *
You feel sick.
The scorpion stings you but does no damage.
You hit the scorpion.
You kill the scorpion!
* * * LOW HITPOINT WARNING * * *
You feel sick.
You feel your intelligence returning.
You feel your dexterity returning.
You have reached level 5!
You are too berserk!
You die...

######### ∆
#...[...#
#.#######.#####.#
.......@..# #.#
............# #<#
..####.####.###)#
#..........#
#####..##### #. #


There were no monsters in sight!

Vanquished Creatures
  A scorpion (D:4)
  A hound (D:4)
  Ijyb (D:4)
  2 adders
  A dart slug (D:1)
  An orc (D:3)
  7 ball pythons
  3 endoplasms
  A giant cockroach (D:4)
  A hobgoblin (D:1)
  2 quokkas
  4 bats (D:1)
  A frilled lizard (D:2)
  4 goblins
  6 kobolds
  A rat (D:1)
37 creatures vanquished.

Notes
Turn   | Place    | Note
-------+----------+-------------------------------------------
     0 | D:1      | DocClef the Gnoll Fighter began the quest for the Orb.
     0 | D:1      | Reached XP level 1. HP: 23/23 MP: 1/1
   127 | D:1      | Reached XP level 2. HP: 19/29 MP: 2/2
  1195 | D:2      | Reached XP level 3. HP: 35/35 MP: 3/3
  1341 | D:2      | Reached skill level 1 in Invocations
  2044 | D:3      | Identified the +1 leather armour of Giup {rElec Str-3 Dex+8
                  | SInv}
  2423 | D:3      | Found a faded altar of an unknown god.
  2433 | D:3      | Reached skill level 1 in Short Blades
  2433 | D:3      | Reached skill level 1 in Long Blades
  2433 | D:3      | Reached skill level 1 in Maces & Flails
  2433 | D:3      | Reached skill level 1 in Polearms
  2433 | D:3      | Reached skill level 1 in Staves
  2433 | D:3      | Reached skill level 1 in Ranged Weapons
  2433 | D:3      | Reached skill level 1 in Throwing
  2433 | D:3      | Reached skill level 1 in Dodging
  2433 | D:3      | Reached skill level 1 in Stealth
  2433 | D:3      | Reached skill level 1 in Unarmed Combat
  2433 | D:3      | Reached skill level 1 in Spellcasting
  2433 | D:3      | Reached skill level 1 in Evocations
  2752 | D:4      | Noticed Ijyb
  2826 | D:4      | Reached skill level 1 in Conjurations
  2826 | D:4      | Reached skill level 1 in Hexes
  2826 | D:4      | Reached skill level 1 in Summonings
  2826 | D:4      | Reached skill level 1 in Necromancy
  2826 | D:4      | Reached skill level 1 in Translocations
  2826 | D:4      | Reached skill level 1 in Transmutations
  2826 | D:4      | Reached skill level 1 in Fire Magic
  2826 | D:4      | Reached skill level 1 in Ice Magic
  2826 | D:4      | Reached skill level 1 in Air Magic
  2826 | D:4      | Reached skill level 1 in Earth Magic
  2826 | D:4      | Reached skill level 1 in Poison Magic
  2826 | D:4      | Reached XP level 4. HP: 39/41 MP: 5/5
  2833 | D:4      | Killed Ijyb
  2923 | D:4      | Noticed a scorpion
  2945 | D:4      | HP: 3/61 [poisoned by a scorpion]
  2946 | D:4      | Killed a scorpion
  2946 | D:4      | HP: 1/61 [poisoned by a scorpion]
  2947 | D:4      | Reached XP level 5. HP: 1/47 MP: 7/7
  2947 | D:4      | Succumbed to a scorpion's poison

Illustrated notes

Levels and vault maps discovered:
D:1:      saegor_arrival_miasma, layout_loops_ring, minivault_5
D:2:      layout_basic, glass_columns_b, chequers_serial_rivers_small_a,
          feat_on_display
D:3:      layout_basic, shapermc_ecumenical_altar_venn
D:4:      layout_loops_ring, biasface_ghost_orc_armoury, uniq_ijyb

Skill      XL: |  1  2  3 |
---------------+----------+-----
Invocations    | 1 |  1.8
Short Blades   | 1 |  1.6
Long Blades    | 1 |  1.6
Maces & Flails | 1 |  1.6
Polearms       | 1 |  1.6
Staves         | 1 |  1.6
Ranged Weapons | 1 |  1.6
Throwing       | 1 |  1.6
Dodging        | 1 |  1.6
Stealth        | 1 |  1.6
Unarmed Combat | 1 |  1.6
Spellcasting   | 1 |  1.6
Evocations     | 1 |  1.6
Conjurations   | 1 |  1.2
Hexes          | 1 |  1.2
Summonings     | 1 |  1.2
Necromancy     | 1 |  1.2
Translocations | 1 |  1.2
Transmutations | 1 |  1.2
Fire Magic     | 1 |  1.2
Ice Magic      | 1 |  1.2
Air Magic      | 1 |  1.2
Earth Magic    | 1 |  1.2
Poison Magic   | 1 |  1.2
Fighting       | |  6.7
Axes           | |  4.8
Armour         | |  6.7
Shields        | |  6.7

Action                   |  1- 3 |  4- 6 || total
-------------------------+-------+-------++-------
Melee: War axe           |   100 |    27 ||   127
       Bite              |     5 |     4 ||     9
  Use: Potion            |       |     4 ||     4
Armor: Scale mail        |    47 |    14 ||    61
Dodge: Dodged            |    55 |    12 ||    67
Block: Buckler           |    36 |     4 ||    40
